Map: Port Aleksander LE

Players

Max - Winner!

  • Race: Zerg Zerg
  • League: Platinum
  • Spawn Location: 5:00

Midti

  • Race: Terran Terran
  • League: Diamond
  • Spawn Location: 11:00

VOD

Have the link to the VOD?

Description

Time

  • Played on: April 22, 2019, 9:13 a.m.
  • Length: 14:34
Show
View Real Time Build Order
Export as new Build Order

Max Zerg - Winner!

Build Orders: Hatch First 

Get SALT Encoding   

  12  0:01  Drone  
  13  0:13  Overlord  
  13  0:18  Drone  
  14  0:31  Drone x2  
  16  0:52  Hatchery  
  16  0:56  Drone  
  16  0:58  Drone  
  16  1:02  Drone  
  18  1:14  Extractor  
  17  1:20  Spawning Pool  
  17  1:22  Drone  
  17  1:26  Drone  
  18  1:37  Drone  
  19  1:43  Overlord  
  19  2:07  Queen  
  22  2:08  Queen, Zergling x4  
  22  2:11  Drone  
  22  2:15  Zergling x2  
  27  2:22  Metabolic Boost  
  27  2:26  Drone  
  28  2:33  Drone x2  
  28  2:36  Drone  
  31  2:47  Queen  
  33  2:53  Overlord  
  33  2:57  Drone  
  34  2:59  Drone  
  35  3:06  Drone  
  36  3:25  Hatchery  
  35  3:32  Drone x5  
  40  3:37  Queen  
  42  3:45  Overlord  
  42  3:56  Baneling Nest  
  42  3:58  Evolution Chamber  
  42  4:00  Overlord  
  40  4:04  Drone  
  40  4:05  Drone  
  40  4:06  Zergling x2  
  43  4:12  Extractor  
  43  4:13  Drone x2, Extractor  
  43  4:14  Overlord  
  43  4:16  Drone  
  44  4:25  Drone x4  
  44  4:28  Zerg Melee Weapons Level 1  
  48  4:33  Lair  
  48  4:43  Drone  
  48  4:44  Zergling x8  
  53  4:50  Overlord  
  53  4:51  Zergling x4  
  53  4:52  Zergling x2  
  56  5:00  Drone  
  56  5:01  Drone  
  56  5:03  Drone x2  
  56  5:04  Pneumatized Carapace  
  60  5:10  Drone x3  
  63  5:14  Overlord  
  63  5:15  Zergling x2  
  64  5:26  Zergling x4  
  64  5:27  Drone x2  
  68  5:35  Overseer  
  68  5:43  Hydralisk Den, Drone  
  68  5:48  Drone x3  
  68  5:49  Overlord, Extractor, Evolution Chamber, Drone  
  68  6:06  Baneling  
  68  6:07  Baneling x7  
  68  6:10  Zergling x10  
  68  6:11  Overlord x3, Zergling x2  
  69  6:37  Queen  
  69  6:38  Hatchery  
  70  6:40  Overlord  
  70  6:43  Hatchery  
  70  6:46  Zerg Missile Weapons Level 1  
  69  6:47  Zerg Ground Armor Level 1  
  69  6:48  Muscular Augments  
  69  7:09  Hydralisk x2, Overlord  
  69  7:13  Drone x2  
  69  7:15  Hydralisk x3  
  75  7:16  Hydralisk  
  83  7:37  Centrifugal Hooks  
  83  7:41  Overlord  
  83  7:42  Zergling x4  
  85  7:45  Hydralisk x2  
  85  7:46  Hydralisk x2  
  93  8:04  Grooved Spines  
  93  8:08  Drone x2  
  93  8:09  Drone x2  
  97  8:13  Zergling x12  
  97  8:14  Zergling x6  
  106  8:35  Drone x2  
  106  8:37  Overlord  
  106  8:38  Zergling x6  
  111  8:42  Overlord x2  
  111  8:43  Hydralisk x3  
  111  8:44  Hydralisk  
  119  8:55  Infestation Pit  
  118  8:56  Zerg Melee Weapons Level 2  
  118  8:58  Zerg Ground Armor Level 2  
  100  9:27  Zergling x10  
  100  9:28  Hydralisk x3, Zergling x14  
  100  9:29  Zergling x2  
  112  10:08  Hive  
  112  10:09  Drone x2  
  112  10:10  Drone  
  112  10:12  Drone x2  
  112  10:13  Drone x3  
  120  10:15  Baneling x3  
  120  10:16  Baneling x6  
  120  10:17  Baneling x6  
  120  10:18  Baneling  
  120  10:21  Overlord x3  
  120  10:23  Hydralisk x2  
  120  10:27  Drone x4  
  128  10:30  Extractor  
  128  10:32  Drone x2, Extractor  
  128  10:48  Drone x2  
  128  10:49  Drone x2  
  132  11:00  Zergling x6  
  132  11:01  Zergling x2  
  136  11:05  Drone  
  136  11:06  Overlord  
  136  11:08  Drone x3  
  140  11:24  Drone x2  
  142  11:26  Extractor  
  142  11:30  Queen  
  142  11:32  Drone  
  144  11:39  Hatchery  
  143  11:43  Zerg Melee Weapons Level 3, Zerg Ground Armor Level 3  
  143  11:44  Ultralisk Cavern  
  143  11:45  Zergling x4  
  143  11:46  Zergling x6  
  147  11:47  Hydralisk x5  
  147  11:48  Hydralisk  
  147  11:49  Zergling x12  
  165  11:54  Drone  
  165  11:55  Drone x2  
  165  12:00  Drone  
  169  12:01  Extractor  
  168  12:14  Baneling x2  
  168  12:15  Baneling x5  
  168  12:16  Baneling x7  
  168  12:17  Baneling x2  
  168  12:44  Zergling x6  
  168  12:45  Ultralisk x2, Zergling x2  
  168  12:46  Ultralisk x2  
  163  13:15  Chitinous Plating  
  163  13:21  Hatchery  
  162  13:29  Zergling x12  
  162  13:30  Zergling x14  
  162  13:31  Zergling x10  
  178  13:52  Zergling x6  
  178  13:53  Zergling x12  
  178  13:54  Zergling x14  
  178  13:55  Zergling x2  
  195  13:56  Baneling x4  
  195  13:57  Baneling x6  
  195  13:58  Baneling x6  
Show
View Real Time Build Order
Export as new Build Order

Midti Terran 

Build Orders: Reaper Expand 

Get SALT Encoding   

  12  0:00  SCV  
  13  0:13  SCV  
  14  0:19  Supply Depot  
  14  0:25  SCV  
  15  0:40  SCV  
  15  0:41  Barracks  
  16  0:47  Refinery  
  16  0:52  SCV  
  17  1:05  SCV  
  18  1:17  SCV  
  19  1:29  Orbital Command  
  19  1:33  Reaper  
  20  1:50  Command Center  
  20  2:03  Barracks  
  20  2:05  SCV  
  20  2:06  Barracks Reactor  
  21  2:21  Supply Depot  
  21  2:23  Refinery, SCV  
  22  2:34  Factory  
  22  2:35  SCV  
  23  2:47  SCV  
  24  2:52  Barracks Tech Lab  
  24  2:53  Marine x2  
  26  2:59  SCV  
  26  3:03  Orbital Command  
  27  3:10  Marine  
  27  3:12  SCV  
  29  3:14  Marine  
  30  3:22  Starport  
  30  3:33  SCV  
  31  3:34  Stimpack  
  31  3:37  Marine x3  
  34  3:41  SCV  
  34  3:45  SCV  
  36  3:53  Factory Reactor, SCV, Supply Depot  
  36  3:55  Factory Tech Lab  
  37  3:59  Starport Reactor  
  37  4:04  SCV  
  37  4:05  Supply Depot  
  38  4:11  Marine x3  
  38  4:16  SCV, Supply Depot  
  42  4:26  SCV  
  42  4:28  Marine  
  44  4:32  Barracks  
  44  4:36  Engineering Bay  
  44  4:38  Engineering Bay, Medivac x2  
  44  4:39  Marine  
  44  4:40  Marine  
  44  4:43  SCV  
  51  4:46  Marine  
  51  4:48  Supply Depot  
  52  4:55  Refinery  
  52  4:58  Refinery  
  52  5:07  Marine x3  
  52  5:10  Terran Infantry Armor Level 1, Terran Infantry Weapons Level 1  
  52  5:13  Combat Shield  
  55  5:24  Marine  
  55  5:25  Supply Depot  
  57  5:28  SCV x2  
  58  5:36  Siege Tank  
  58  5:40  SCV  
  58  5:41  SCV, Supply Depot  
  63  5:52  SCV  
  63  5:53  SCV  
  63  5:54  Marine x2  
  67  6:04  SCV  
  67  6:05  SCV  
  67  6:09  Marauder  
  67  6:10  Siege Tank  
  74  6:12  Marine x2  
  76  6:23  SCV x2  
  77  6:30  Command Center, Armory, Marine x2, Marauder  
  81  6:35  SCV  
  81  6:36  SCV  
  83  6:45  Siege Tank  
  83  6:46  Supply Depot  
  86  6:48  Barracks Reactor, SCV x2  
  86  6:51  Marine x2  
  86  6:52  Marine  
  91  6:56  Missile Turret  
  91  7:01  SCV  
  91  7:02  SCV  
  93  7:12  Marine  
  93  7:13  SCV, Marine  
  93  7:14  Marauder  
  98  7:17  Siege Tank  
  98  7:18  Terran Infantry Weapons Level 2  
  101  7:26  Terran Infantry Armor Level 2  
  101  7:29  Marine  
  102  7:36  Supply Depot  
  102  7:37  Supply Depot  
  102  7:41  Marine x3  
  102  7:43  SCV  
  102  7:44  SCV  
  107  7:49  Siege Tank  
  107  7:51  Missile Turret  
  110  7:55  SCV  
  110  7:57  Concussive Shells  
  110  7:58  Marine, Marauder  
  113  7:59  Marine x2  
  116  8:19  Orbital Command  
  116  8:21  Siege Tank, SCV x2  
  121  8:36  Supply Depot  
  121  8:37  SCV x2  
  121  8:38  Marine x4, Marauder  
  121  8:39  Supply Depot  
  129  8:48  SCV  
  130  8:50  Refinery  
  130  8:53  Siege Tank, Refinery  
  133  8:56  Sensor Tower  
  133  9:06  Sensor Tower  
  105  9:30  Marine, Marauder  
  105  9:31  Siege Tank, Marine x3  
  89  9:36  Terran Infantry Weapons Level 3  
  73  9:48  Marine  
  73  9:49  Marine x3  
  73  9:50  Barracks  
  73  9:52  Marauder  
  79  9:53  Barracks  
  73  10:04  Siege Tank  
  76  10:13  Marauder  
  78  10:18  Orbital Command  
  78  10:30  Marine x2  
  78  10:31  Marine x2  
  78  10:35  Marauder  
  84  10:36  Siege Tank  
  84  10:38  Barracks Reactor  
  84  10:40  Barracks Reactor, Barracks  
  87  10:48  Marine  
  88  10:53  Barracks  
  88  10:57  Medivac x2  
  88  11:03  Marine  
  88  11:04  Marine x2, Marauder  
  96  11:06  Marine  
  96  11:08  Siege Tank  
  96  11:09  Terran Infantry Armor Level 3  
  101  11:21  Marine x2  
  101  11:22  Marine  
  101  11:23  Marine  
  101  11:24  SCV x3  
  101  11:25  Marine  
  109  11:27  Marine x5  
  114  11:36  SCV x2  
  114  11:39  Marine x3  
  118  11:40  Siege Tank  
  118  11:41  Marine  
  118  11:43  Marine  
  118  11:44  Marine  
  118  11:45  Marine x3  
  129  11:57  Marine x3  
  129  11:59  Barracks Reactor, Marine  
  129  12:00  Marine  
  133  12:02  Barracks Reactor, Marine x2  
  133  12:03  Marine x2  
  137  12:12  Siege Tank  
  137  12:14  Marine  
  137  12:15  Marine x2  
  143  12:17  Marine  
  143  12:18  Command Center  
  143  12:19  Marauder  
  143  12:20  Marine x3  
  149  12:33  Supply Depot  
  149  12:34  Terran Vehicle Weapons Level 1, Supply Depot  
  149  12:52  Marine  
  149  12:54  Marine x2  
  149  12:55  Siege Tank, Marine x5, Marauder, Liberator  
  149  12:56  Liberator  
  150  13:04  Marine x4  
  113  13:10  Marine  
  113  13:12  Marine x3  
  114  13:13  Marine x4  
  114  13:16  Marauder  
  123  13:22  Marine x4  
  127  13:27  Siege Tank  
  127  13:28  Marine  
  127  13:30  Marine x3  
  127  13:31  Marine x4  
  127  13:32  Sensor Tower  
  127  13:33  Sensor Tower  
  138  13:38  Marauder, Medivac  
  138  13:39  Medivac  
  138  13:40  Marine x4, Supply Depot  
  148  13:43  Supply Depot  
  148  13:46  Marine  
  148  13:48  Marine x3  
  149  13:49  Marine x3  
  155  13:59  Siege Tank, Marauder  
  160  14:08  Supply Depot  
Tags
 
Add a new tag
Caveats
  • Supply blocks, unpowered buildings, or Contaminate may cause inaccurate times.
  • Supply counts are checked every 10 seconds.